 Dungeon Crawl Stone Soup version 0.24-a0-316-g0314242 (webtiles) character file.

Game seed: 4491752405851169553

1048 Oki the Covert (level 8, -11/44 HPs)
             Began as a Vampire Assassin on May 15, 2019.
             Was a Believer of Dithmenos.
             Mangled by an orc warrior
             ... wielding a +0 war axe
              (16 damage)
             ... on level 6 of the Dungeon.
             The game lasted 00:21:56 (7523 turns).

Oki the Covert (Vampire Assassin)                   Turns: 7523, Time: 00:21:56

Health: -11/44     AC:  9    Str: 10    XL:     8   Next: 5%
Magic:  8/8        EV: 10    Int: 15    God:    Dithmenos [**....]
Gold:   367        SH:  0    Dex: 16    Spells: 7/7 levels left

rFire    . . .     SeeInvis +   a - +3 dagger
rCold    + + .     Gourm    .   (no shield)
rNeg     + + +     Faith    .   t - +0 ring mail
rPois    ∞         Spirit   .   (no helmet)
rElec    .         Reflect  .   c - +0 cloak
rCorr    .         Harm     .   m - +1 pair of gloves
MR       +....                  i - +0 pair of boots (curse)
Stlth    ++++++....             (no amulet)
HPRegen  0.00/turn              j - ring of attention (curse)
MPRegen  0.11/turn              b - ring of protection from magic

@: bloodless, regenerating quickly, wreathed by umbra
A: no food, fangs 3, see invisible, unbreathing
a: Bat Form, Revivify, Shadow Step, Renounce Religion


You were on level 6 of the Dungeon.
You worshipped Dithmenos.
Dithmenos was pleased with you.
You were bloodless.

You visited 1 branch of the dungeon, and saw 6 of its levels.

You collected 367 gold pieces.

Inventory:

Hand Weapons
 a - a +3 dagger (weapon)
Missiles
 d - 44 poisoned darts (quivered)
 e - 2 curare-tipped darts {!*}
 q - 3 boomerangs of dispersal
Armour
 c - a +0 cloak (worn)
 i - a cursed +0 pair of boots (worn)
 m - a +1 pair of gloves (worn)
 t - a +0 ring mail (worn)
Jewellery
 b - a ring of protection from magic (right hand)
 j - a cursed ring of attention (left hand)
Wands
 l - a wand of disintegration (14)
 v - a wand of acid (8)
Scrolls
 f - a scroll of blinking
 n - 4 scrolls of teleportation
 o - 3 scrolls of enchant weapon
 r - 2 scrolls of enchant armour
 u - 3 scrolls of identify
Potions
 g - a potion of flight
 h - 3 potions of curing
 k - a potion of haste
 p - 3 potions of heal wounds
 s - 2 potions of might
 w - a potion of magic


   Skills:
 - Level 1.7 Fighting
 * Level 6.8 Short Blades
 * Level 5.2 Throwing
 - Level 1.1 Dodging
 + Level 8.8 Stealth


You had 7 spell levels left.
You didn't know any spells.
Your spell library contained the following spells:

 Spells                   Type           Power        Failure   Level  Hunger
 Animate Skeleton         Necr           N/A          56%         1    N/A
 Magic Dart               Conj           #...         56%         1    N/A
 Pain                     Necr           #...         56%         1    N/A
 Blink                    Tloc           N/A          71%         2    N/A
 Call Imp                 Summ           #.......     71%         2    N/A
 Slow                     Hex            #.......     71%         2    N/A
 Conjure Flame            Conj/Fire      #.......     91%         3    N/A
 Mephitic Cloud           Conj/Pois/Air  #.......     91%         3    N/A
 Regeneration             Chrm/Necr      #.........   91%         3    N/A
 Vampiric Draining        Necr           #.........   91%         3    N/A
 Animate Dead             Necr           N/A          100%        4    N/A

Dungeon Overview and Level Annotations

Branches:
Dungeon (6/15)             Temple (0/1) D:5

Altars:
Cheibriados
Dithmenos
Elyvilon
Hepliaklqana
Kikubaaqudgha
Qazlal
Sif Muna
Xom


Innate Abilities, Weirdness & Mutations

You do not eat.
You do not regenerate when monsters are visible.
You are frail without blood (-20% HP).
You are immune to poison.
You have razor-sharp teeth.
You have supernaturally acute eyesight. (SInv)
You can survive without breathing.


Message History

The orc warrior is heavily wounded.
You hit the orc warrior but do no damage.
The orc warrior is heavily wounded.
The orc warrior hits you with a +0 war axe!
* * * LOW HITPOINT WARNING * * *
You barely miss the orc warrior.
The orc warrior is heavily wounded.
You hit the orc warrior.
The orc warrior is severely wounded.
The orc warrior barely misses you.
You barely miss the orc warrior.
The orc warrior is heavily wounded.
You closely miss the orc warrior.
The orc warrior is heavily wounded.
The orc warrior hits you with a +0 war axe!
* * * LOW HITPOINT WARNING * * *
You barely miss the orc warrior.
The orc warrior is heavily wounded.
The orc warrior hits you with a +0 war axe!
You die...

########[####......#
....# #....).......#
....# #.o..).......#
....# #..÷.)..######
....# #.......#
....# ##o######
....# #...# ..###
###.########### ..#
#....oo@....# ..#
###########.# ..#
#......##.# ..#
#.####....# ### #.#
###### # #.# #.# #
#.####.# ###
#......#### ..#
#####.....#


You could see an orc warrior and an orc.

Vanquished Creatures
  A sky beast (D:5)
  2 bullfrogs (D:6)
  A crimson imp (D:5)
  A bullfrog zombie (D:5)
  A centaur zombie (D:6)
  2 hounds
  5 orc priests
  5 orc wizards
  4 worker ants
  A worker ant zombie (D:6)
  5 adders
  4 gnolls (D:5)
  A shadow imp (D:4)
  2 oozes
  8 worms
  5 dart slugs
  4 leopard geckos
  30 orcs
  2 ball pythons
  5 bats
  5 giant cockroaches
  3 goblins
  7 hobgoblins
  10 jackals
  A quokka (D:2)
  3 frilled lizards
  A giant cockroach zombie (D:6)
  7 kobolds
  9 rats
135 creatures vanquished.

Notes
Turn   | Place    | Note
-------+----------+-------------------------------------------
     0 | D:1      | Oki the Vampire Assassin began the quest for the Orb.
     0 | D:1      | Reached XP level 1. HP: 16/16 MP: 1/1
    85 | D:1      | Reached skill level 6 in Stealth
    95 | D:1      | Reached XP level 2. HP: 17/17 MP: 2/2
   711 | D:2      | Reached XP level 3. HP: 21/21 MP: 3/3
   839 | D:2      | Found a stormy altar of Qazlal.
   934 | D:2      | You fall through a shaft for 2 floors!
   951 | D:4      | Reached XP level 4. HP: 14/26 MP: 4/4
   959 | D:4      | Found a shadowy altar of Dithmenos.
   968 | D:4      | Became a worshipper of Dithmenos the Shadowed
  1193 | D:4      | Found a hazy altar of Hepliaklqana.
  1194 | D:4      | Found a shimmering altar of Xom.
  1194 | D:4      | Noticed a tyrant leech
  1195 | D:4      | Noticed a spectral ugly thing
  1195 | D:4      | Noticed a tyrant leech
  1286 | D:3      | Found a snail-covered altar of Cheibriados.
  1643 | D:3      | Reached XP level 5. HP: 11/30 MP: 5/5
  1649 | D:3      | Reached skill level 7 in Stealth
  1926 | D:3      | Reached * piety under Dithmenos
  1996 | D:2      | Found a deep blue altar of Sif Muna.
  3110 | D:3      | Reached XP level 6. HP: 28/35 MP: 6/6
  4533 | D:4      | Reached skill level 5 in Short Blades
  5252 | D:5      | Entered Level 5 of the Dungeon
  5944 | D:5      | Found a staircase to the Ecumenical Temple.
  6097 | D:5      | Reached XP level 7. HP: 39/39 MP: 7/7
  6271 | D:5      | Reached skill level 8 in Stealth
  6735 | D:6      | Reached ** piety under Dithmenos
  7040 | D:6      | Found a white marble altar of Elyvilon.
  7337 | D:6      | Found an ancient bone altar of Kikubaaqudgha.
  7349 | D:6      | Reached skill level 5 in Throwing
  7362 | D:6      | Reached XP level 8. HP: 33/44 MP: 8/8
  7523 | D:6      | Mangled by an orc warrior

Levels and vault maps discovered:
D:1:      lightli_arrival_lavapool, layout_basic, minmay_misc_feat_enclosed
D:2:      layout_basic, lemuel_crystal_altar, lemuel_coloured_pillars_altar
D:3:      layout_loops_cross, kennysheep_slug_shrine, serial_bayou_lake_a
D:4:      layout_basic, regret_index_temple_of_mockery,
          nicolae_dithmenos_shadow_blocks, gup_sewer_entry_spiral, first_ration
D:5:      layout_cave_pods, minmay_temple_entry_junction
D:6:      layout_basic, kiku_gazebo_garden_becter, hangedman_feature_mirror

Skill      XL: |  1  2  3  4  5  6  7 |
---------------+----------------------+-----
Stealth        | 6 7 8 |  8.8
Throwing       | 2 3 4 5 |  5.2
Short Blades   | 3 4 5 6 |  6.8
Fighting       | |  1.7
Dodging        | |  1.1

Action                   |  1- 3 |  4- 6 |  7- 9 || total
-------------------------+-------+-------+-------++-------
Melee: Dagger            |    60 |   323 |   255 ||   638
       Bite              |     6 |    29 |    24 ||    59
Throw: Dart              |     1 |     8 |     6 ||    15
 Abil: Exsanguinate      |     1 |       |       ||     1
  Use: Scroll            |     6 |     7 |     1 ||    14
       Potion            |       |     2 |       ||     2
 Stab: Sleeping          |    20 |    10 |     8 ||    38
Armor: Robe              |     6 |    20 |       ||    26
       Leather armour    |       |    25 |       ||    25
       Ring mail         |       |    39 |    54 ||    93
Dodge: Dodged            |    23 |   164 |    98 ||   285

Table legend:
 A = Non-vault XP
 B = Vault XP
 C = Vault XP percentage of total XP
 D = Non-vault monster count
 E = Vault monster count
 F = Vault count percentage of total count
                 A         B        C        D         E       F
            +---------+---------+-------+---------+---------+-------
      Total |    1441 |      57 |   3.8 |     127 |       8 |   5.9
            +---------+---------+-------+---------+---------+-------
        D:1 |      34 |       0 |   0.0 |      18 |       0 |   0.0
        D:2 |      72 |       0 |   0.0 |      18 |       0 |   0.0
        D:3 |     298 |       4 |   1.3 |      31 |       1 |   3.1
        D:4 |     131 |      19 |  12.7 |      15 |       6 |  28.6
        D:5 |     438 |       0 |   0.0 |      19 |       0 |   0.0
        D:6 |     468 |      34 |   6.8 |      26 |       1 |   3.7
            +---------+---------+-------+---------+---------+-------
